Map: 어센션 투 아이어 - 래더

Players

Zest - Winner!

  • Race: Protoss Protoss
  • Spawn Location: 11:00

Classic

  • Race: Protoss Protoss
  • League: Master
  • Spawn Location: 5:00

VOD

Have the link to the VOD?

Description

Time

  • Played on: Dec. 23, 2017, 4:03 a.m.
  • Length: 9:03
Show
View Real Time Build Order
Export as new Build Order

Zest Protoss - Winner!

Build Orders: Phoenix Opening, Zealot Archon 

Get SALT Encoding   

  12  0:00  Probe  
  13  0:12  Probe  
  14  0:17  Pylon  
  14  0:25  Probe (Chrono Boost)  
  16  0:37  Gateway, Probe (Chrono Boost)  
  16  0:42  Probe (Chrono Boost)  
  16  0:46  Assimilator  
  17  0:51  Probe (Chrono Boost)  
  17  0:54  Assimilator  
  18  1:03  Probe (Chrono Boost)  
  19  1:10  Gateway  
  20  1:11  Probe (Chrono Boost)  
  20  1:17  Probe  
  20  1:24  Cybernetics Core  
  21  1:29  Probe  
  22  1:34  Pylon  
  22  1:41  Probe  
  23  1:54  Probe  
  24  2:00  Stalker  
  24  2:01  Sentry  
  28  2:02  Warp Gate  
  28  2:11  Pylon  
  28  2:31  Nexus  
  28  2:38  Stargate  
  28  2:49  Stalker  
  30  2:53  Stalker  
  32  2:59  Probe  
  33  3:11  Probe  
  34  3:23  Probe  
  35  3:28  Phoenix (Chrono Boost)  
  37  3:35  Probe  
  38  3:43  Probe  
  38  3:44  Phoenix (Chrono Boost)  
  38  3:47  Probe  
  42  3:51  Shield Battery  
  42  3:53  Pylon  
  42  3:58  Probe  
  43  4:06  Stalker x2  
  43  4:11  Phoenix (Chrono Boost)  
  43  4:13  Probe  
  43  4:16  Probe  
  47  4:21  Robotics Facility  
  47  4:25  Probe (Chrono Boost)  
  47  4:28  Probe (Chrono Boost)  
  49  4:38  Probe (Chrono Boost)  
  51  4:39  Pylon  
  51  4:40  Probe (Chrono Boost)  
  51  4:43  Probe (Chrono Boost)  
  51  4:44  Probe (Chrono Boost)  
  52  4:46  Forge  
  52  4:52  Probe  
  54  4:54  Assimilator, Probe  
  54  4:58  Assimilator  
  55  5:04  Probe  
  55  5:07  Pylon, Probe  
  57  5:11  Protoss Ground Weapons Level 1 (Chrono Boost)  
  57  5:13  Observer  
  58  5:17  Probe  
  58  5:19  Probe  
  60  5:34  Immortal  
  64  5:36  Sentry  
  64  5:40  Twilight Council  
  66  5:45  Gateway x2  
  66  5:48  Gateway  
  66  5:59  Gateway  
  66  6:02  Gateway  
  66  6:04  Gateway  
  66  6:07  Pylon  
  66  6:12  Pylon  
  66  6:15  Immortal  
  70  6:25  Charge  
  70  6:31  Templar Archives  
  70  6:36  Protoss Ground Weapons Level 2 (Chrono Boost), Pylon  
  70  6:38  Probe  
  71  6:56  Zealot x3  
  71  6:57  Zealot x3  
  71  7:01  Pylon  
  83  7:02  Warp Prism  
  85  7:11  Nexus  
  85  7:16  High Templar x2  
  85  7:20  Observer, High Templar  
  85  7:21  High Templar  
  85  7:22  Archon  
  93  7:30  Archon  
  93  7:35  Zealot x4  
  101  7:37  Pylon x2  
  101  7:50  High Templar x2  
  105  7:53  Zealot x2  
  105  7:54  Archon  
  108  8:13  Pylon  
  108  8:14  Pylon  
  108  8:18  High Templar x2  
  108  8:19  Zealot x4  
  120  8:22  Zealot x2  
  120  8:23  Archon  
  106  8:47  Zealot x6  
  102  8:51  Zealot  
  102  8:52  Zealot  
Show
View Real Time Build Order
Export as new Build Order

Classic Protoss 

Build Orders: Zealot Archon 

Get SALT Encoding   

  12  0:00  Probe  
  13  0:12  Probe  
  14  0:17  Pylon  
  14  0:24  Probe (Chrono Boost)  
  15  0:36  Probe (Chrono Boost)  
  15  0:38  Gateway  
  16  0:43  Probe (Chrono Boost)  
  16  0:46  Assimilator  
  17  0:51  Probe (Chrono Boost)  
  17  0:54  Assimilator  
  18  1:03  Probe (Chrono Boost)  
  20  1:11  Probe (Chrono Boost)  
  20  1:13  Gateway  
  20  1:17  Probe  
  20  1:24  Cybernetics Core  
  21  1:29  Probe  
  22  1:35  Pylon  
  22  1:41  Probe  
  23  1:53  Probe  
  24  1:58  Warp Gate (Chrono Boost)  
  24  2:00  Stalker x2  
  28  2:11  Pylon  
  28  2:30  Stalker x2  
  32  2:50  Nexus  
  32  3:00  Stalker  
  32  3:05  Stalker  
  36  3:11  Probe  
  37  3:23  Probe  
  37  3:29  Shield Battery  
  37  3:33  Pylon  
  37  3:35  Probe  
  38  3:47  Probe  
  39  3:54  Stalker  
  39  3:55  Stalker  
  43  3:59  Probe  
  44  4:03  Probe (Chrono Boost)  
  45  4:11  Probe (Chrono Boost)  
  45  4:15  Probe (Chrono Boost)  
  43  4:17  Twilight Council  
  43  4:22  Probe (Chrono Boost)  
  45  4:24  Probe (Chrono Boost)  
  45  4:27  Probe (Chrono Boost)  
  45  4:29  Probe (Chrono Boost)  
  45  4:30  Stalker  
  49  4:34  Stalker  
  52  4:38  Probe (Chrono Boost)  
  53  4:47  Probe (Chrono Boost)  
  53  4:49  Probe (Chrono Boost)  
  54  4:54  Pylon, Probe (Chrono Boost)  
  54  4:55  Templar Archives  
  55  5:00  Assimilator  
  55  5:01  Assimilator  
  55  5:03  Probe (Chrono Boost)  
  55  5:05  Probe (Chrono Boost)  
  55  5:06  Stalker  
  58  5:11  Forge  
  58  5:15  Probe (Chrono Boost)  
  58  5:18  Probe (Chrono Boost)  
  60  5:23  Probe x2 (Chrono Boost)  
  60  5:26  Robotics Facility  
  62  5:29  Probe  
  62  5:30  Pylon  
  62  5:32  Probe  
  64  5:36  High Templar x2  
  64  5:41  Charge, Protoss Ground Weapons Level 1 (Chrono Boost)  
  68  5:58  Nexus  
  68  6:01  Pylon  
  68  6:09  Gateway  
  68  6:12  Gateway  
  68  6:21  High Templar x2  
  68  6:24  Probe x2  
  70  6:29  Gateway  
  70  6:30  Gateway  
  70  6:33  Gateway  
  70  6:38  Probe  
  70  6:39  Probe  
  72  6:40  Gateway  
  72  6:48  Observer (Chrono Boost)  
  72  6:49  Gateway x2  
  72  6:52  Probe x2  
  75  6:54  High Templar  
  75  6:55  High Templar  
  79  7:06  Immortal (Chrono Boost)  
  79  7:07  Pylon  
  83  7:10  Probe x2  
  83  7:11  Probe  
  86  7:24  Probe x3  
  88  7:32  Archon  
  88  7:33  Archon  
  88  7:34  Assimilator  
  88  7:36  Probe x3  
  91  7:38  Pylon  
  91  7:39  Assimilator  
  95  7:48  Probe x3  
  96  7:52  Pylon  
  96  7:53  High Templar x2  
  96  7:54  Zealot x3  
  96  7:58  Archon  
  106  8:01  Zealot x3  
  112  8:05  High Templar  
  112  8:10  Pylon  
  112  8:11  Pylon  
  112  8:12  High Templar  
  114  8:14  Shield Battery  
  114  8:16  Shield Battery  
  114  8:17  Archon, Zealot  
  114  8:18  Zealot x2  
  120  8:20  Immortal (Chrono Boost)  
  120  8:25  Pylon  
  122  8:28  Pylon  
  119  8:35  Zealot x2  
  119  8:39  Zealot x2  
  119  8:41  Zealot  
  102  8:44  Zealot  
  102  8:48  Zealot  
  80  8:50  Zealot  
  80  8:55  Zealot  
  67  8:59  Zealot  
Tags
 
Add a new tag
Caveats
  • Supply blocks, unpowered buildings, or Contaminate may cause inaccurate times.
  • Supply counts are checked every 10 seconds.